 Dungeon Crawl Stone Soup version 0.21.1-72-gffa868e (webtiles) character file.

98 Madoushi the Chopper (level 4, 0/41 HPs)
             Began as a Minotaur Berserker on Aug 5, 2018.
             Was a Follower of Trog.
             Killed by Freeze
             ... invoked by Wendigo's ghost
              (4 damage)
             ... on level 3 of the Dungeon.
             The game lasted 00:05:28 (2530 turns).

Madoushi the Chopper (Minotaur Berserker)           Turns: 2530, Time: 00:05:29

Health: 0/41       AC:  4    Str: 22    XL:     4   Next: 44%
Magic:  3/3        EV:  7    Int:  4    God:    Trog [*.....]
Gold:   84         SH: 12    Dex: 10    Spells: 3/3 levels left

rFire    . . .     SeeInvis .   a - +0 hand axe
rCold    . . .     Gourm    .   m - +0 large shield (curse)
rNeg     . . .     Faith    .   d - +1 leather armour
rPois    .         Spirit   .   (helmet restricted)
rElec    .         Reflect  .   (no cloak)
rCorr    .         Harm     .   (no gloves)
MR       ++...                  (no boots)
Stlth    +.........             (no amulet)
HPRegen  1.13/turn              (no ring)
MPRegen  0.08/turn              (no ring)

@: berserk cooldown, regenerating, slowed, very slow
A: retaliatory headbutt, horns 2
a: Berserk, Burn Spellbooks, Renounce Religion


You were on level 3 of the Dungeon.
You worshipped Trog.
Trog was aware of your devotion.
You were near starving.

You visited 1 branch of the dungeon, and saw 3 of its levels.

You collected 84 gold pieces.

Inventory:

Hand Weapons
 a - a +0 hand axe (weapon)
Armour
 b - a +0 animal skin
 d - a +1 leather armour (worn)
 m - a cursed +0 large shield (worn)
Jewellery
 q - an uncursed ring of protection from magic {unknown}
Scrolls
 g - a scroll of amnesia {unknown}
 i - 2 scrolls of fear {unknown}
 j - a scroll of enchant weapon {unknown}
 k - a scroll of identify {unknown}
 o - a scroll of remove curse {unknown}
 p - 3 scrolls of enchant armour
Potions
 e - a potion of flight {unknown}
 f - a potion of mutation {unknown}
 h - 3 potions of degeneration {unknown}
 l - a potion of haste {unknown}
 n - a potion of heal wounds {unknown}
 r - a potion of curing {unknown}
Comestibles
 c - 2 rations


   Skills:
 + Level 4.3 Fighting
 + Level 4.5 Axes
 + Level 3.5 Armour
 + Level 3.0 Dodging
 + Level 0.1 Stealth
 + Level 0.8 Shields


You had 3 spell levels left.
You didn't know any spells.

Dungeon Overview and Level Annotations

Branches:
Dungeon (3/15)

Altars:

Annotations:
D:3 Wendigo's ghost, amateur DrIE


Innate Abilities, Weirdness & Mutations

You reflexively headbutt those who attack you in melee.
You have a pair of horns on your head.


Message History

Wendigo's ghost is heavily damaged.
You block Wendigo's ghost's attack.
You slash Wendigo's ghost! Your headbutt misses Wendigo's ghost.
Wendigo's ghost is severely damaged.
An ooze comes into view.
The ooze quivers.
You hit Wendigo's ghost.
Wendigo's ghost is almost destroyed.
You hear the brisk rusting of a very distant drain.
You are no longer berserk.
You are exhausted.
You feel yourself slow down. You block Wendigo's ghost's attack.
Your skin crawls.
You feel resistant to hostile enchantments.
You are near starving!
You can no longer call upon Trog for regeneration and magic resistance.
You block Wendigo's ghost's attack.
Wendigo's ghost gestures at you while chanting.
You are frozen.
You die...

#. #.#.##########
####.##.#...........
>...................
.###.##.############
#.$.†..######
#.#.#......... ###
...#.########
.....#####.#
#.wKW@†..#
#..####### ..J . ###
... ###


You could see a worm, Wendigo's ghost, an ooze and a kobold.

Vanquished Creatures
  An orc wizard (D:3)
  An adder (D:2)
  4 worms
  3 dart slugs
  2 orcs (D:3)
  2 ball pythons
  5 bats
  2 giant cockroaches
  2 goblins
  8 hobgoblins
  3 frilled lizards
  5 kobolds
  4 rats
  4 toadstools (D:1)
46 creatures vanquished.

Vanquished Creatures (others)
  2 butterflies (D:3)
2 creatures vanquished.

Grand Total: 48 creatures vanquished

Notes
Turn   | Place    | Note
-------+----------+-------------------------------------------
     0 | D:1      | Madoushi the Minotaur Berserker began the quest for the Orb.
     0 | D:1      | Reached XP level 1. HP: 19/19 MP: 0/0
   357 | D:1      | Reached XP level 2. HP: 24/27 MP: 1/1
  1216 | D:2      | Reached XP level 3. HP: 22/33 MP: 2/2
  1726 | D:2      | Reached ** piety under Trog
  2504 | D:3      | Noticed Wendigo's ghost (amateur DrIE)
  2512 | D:3      | HP: 1/33 [orc wizard/magic dart (6)]
  2516 | D:3      | Reached XP level 4. HP: 3/41 MP: 3/3
  2526 | D:3      | HP: 2/61 [Wendigo's ghost/Freeze (2)]
  2530 | D:3      | Killed from afar by Wendigo's ghost

Skill      XL: |  1  2  3 |
---------------+----------+-----
Axes           | 4 |  4.5
Fighting       | 4 |  4.3
Armour         | 3 |  3.5
Dodging        | 3 |  3.0
Stealth        | |  0.1
Shields        | |  0.8

Action                   |  1- 3 |  4- 6 || total
-------------------------+-------+-------++-------
Melee: Hand axe          |   124 |    12 ||   136
       Headbutt          |    16 |       ||    16
Invok: Berserk           |     2 |       ||     2
       Trog's Hand       |     3 |     1 ||     4
  Use: Scroll            |     2 |       ||     2
  Eat: Ration            |     2 |       ||     2
Armor: Animal skin       |     4 |       ||     4
       Leather armour    |    28 |     2 ||    30
Dodge: Dodged            |    57 |       ||    57
Block: Large shield      |    35 |     5 ||    40
